cohdb
Replays
Latest Replays
All Replays
Popular Replays
Top Player Replays
Match Explorer
How It Works
Community
CoH3 Stats
Reddit
Sign in to upload your games and track your stats! →
Sign in with Steam
Match 46976945
Unlisted
Match 46976945
Overview
Messages
Build Orders
End
Kettenkrad Recon Vehicle
Construct Infanterie Kompanie
MG 42 Machine Gun Team
GrW 34 Mortar Team
Construct Luftwaffe Kompanie
221 Scout Car
Support Elements
Marder III M Tank Destroyer
Medical Station
Selects Mechanized Battlegroup
Selects Spotting Scopes
Marder III M Tank Destroyer
Luftwaffe Officer Quarters
Jäger Squad
Jäger Squad
mayrc
Husar
nnegfzff
Goding
Lineartbob
Arrrrjen
baegi
沐桑子
0
0
Comments
sign in to comment!
No comments posted yet!